 Dungeon Crawl Stone Soup version 0.21.1-1-g345015f (webtiles) character file.

3333 sepiko the Cleaver (level 9, -18/85 HPs)
             Began as a Minotaur Berserker on Mar 13, 2018.
             Was an Elder of Trog.
             Demolished by a two-headed ogre
             ... wielding a +0 giant spiked club
              (25 damage)
             ... on level 8 of the Dungeon.
             The game lasted 00:14:38 (7118 turns).

sepiko the Cleaver (Minotaur Berserker)             Turns: 7118, Time: 00:14:39

Health: -18/85     AC:  7    Str: 24    XL:     9   Next: 71%
Magic:  8/8        EV: 10    Int:  4    God:    Trog [****..]
Gold:   422        SH:  3    Dex: 11    Spells: 8/8 levels left

rFire    . . .     SeeInvis +   q - +0 war axe
rCold    . . .     Gourm    .   v - +0 buckler
rNeg     . . .     Faith    .   x - +0 scale mail
rPois    .         Spirit   .   (helmet restricted)
rElec    .         Reflect  .   (no cloak)
rCorr    .         Harm     .   o - +0 pair of gloves
MR       ++...                  (no boots)
Stlth    ..........             (no amulet)
HPRegen  1.24/turn              k - ring of see invisible
MPRegen  0.11/turn              (no ring)

@: lethally poisoned (-18 -> -18), berserk cooldown, regenerating, slowed, very
slow
A: retaliatory headbutt, horns 2
a: Berserk, Trog's Hand, Brothers in Arms, Burn Spellbooks, Renounce Religion


You were on level 8 of the Dungeon.
You worshipped Trog.
Trog was greatly pleased with you.
You were hungry.

You visited 2 branches of the dungeon, and saw 9 of its levels.
You also visited: Ossuary.

You collected 422 gold pieces.

Inventory:

Hand Weapons
 q - a +0 war axe (weapon)
Missiles
 m - 86 arrows
Armour
 o - a +0 pair of gloves (worn)
 v - a +0 buckler (worn)
 x - a +0 scale mail (worn)
Jewellery
 k - a ring of see invisible (left hand)
Wands
 B - a wand of random effects (18)
Scrolls
 a - a scroll of magic mapping {unknown}
 d - 6 scrolls of identify
 e - 3 scrolls of remove curse
 f - a scroll of blinking {unknown}
 l - a scroll of random uselessness {unknown}
 s - 2 scrolls of fog
 u - a scroll of enchant weapon {unknown}
 y - a scroll of teleportation {unknown}
 A - 2 scrolls of fear {unknown}
 D - a scroll of enchant armour {unknown}
 E - a scroll of holy word {unknown}
Potions
 g - 4 potions of curing
 h - a potion of might {unknown}
 i - 3 potions of flight
 j - 3 potions of agility
 n - 2 potions of heal wounds {unknown}
 p - a potion of haste {unknown}
 t - 2 potions of brilliance
 w - a potion of ambrosia {unknown}
 z - a potion of cancellation {unknown}
 C - a potion of resistance {unknown}
Comestibles
 b - a chunk of flesh
 c - 10 rations


   Skills:
 + Level 10.2 Fighting
 * Level 13.4 Axes
 - Level 2.4 Armour
 - Level 2.1 Dodging


You had 8 spell levels left.
You didn't know any spells.

Dungeon Overview and Level Annotations

Branches:
Dungeon (8/15)             Temple (1/1) D:4
   Lair: D:8-11

Altars:
Ashenzari
Cheibriados
Dithmenos
Fedhas
Hepliaklqana
Kikubaaqudgha
Makhleb
Nemelex Xobeh
Okawaru
Ru
Sif Muna
Trog
Uskayaw
Vehumet
Wu Jian
Zin
The Shining One

Shops:
D:8 *!


Innate Abilities, Weirdness & Mutations

You reflexively headbutt those who attack you in melee.
You have a pair of horns on your head.


Message History

You feel sick.
The two-headed ogre hits you with a giant spiked club!!
The two-headed ogre hits you with a giant club!
You feel sick.
The two-headed ogre hits you with a giant spiked club!!
* * * LOW HITPOINT WARNING * * *
The two-headed ogre hits you with a giant club!
* * * LOW HITPOINT WARNING * * *
You can move again.
You see here a chunk of flesh.
Your skin crawls.
You feel resistant to hostile enchantments.
You are feeling hungry.
You feel sick.
You hear a distant blaring wail to the southeast.
The two-headed ogre hits you with a giant spiked club.
* * * LOW HITPOINT WARNING * * *
The two-headed ogre closely misses you.
The two-headed ogre hits you with a giant spiked club!!
You die...

#.# #........# #.#
#.####..#...... #.#
#....÷..##.#### # #.#
######..##.#### #.#.#
#....#...[
##.#O##########..##.####
#................##.#
#.###.###########.##.##
#.)O@...∩# #.#...###
#.######.####........
.... #..........###
#.### ######..#..# #.
#...#.# # ##....#
######(.#.###
#......(.((÷.
#.#.#...#####


You could see a two-headed ogre.

Vanquished Creatures
  Pikel (D:8)
  The ghost of Cidec the Carver, a novice DsGl (D:5)
  Joseph (D:8)
  Maurice (D:8)
  A wraith (Ossuary)
  A water moccasin (D:8)
  A sky beast (D:6)
  3 ice beasts
  2 ogres (D:7)
  A bullfrog (D:7)
  A scorpion (D:5)
  The ghost of CynicalElephant the Skirmisher, a weakling HOFi (D:4)
  2 howler monkeys
  A bullfrog zombie (D:8)
  3 crimson imps
  3 hounds
  4 jellies
  3 orc wizards (D:7)
  A bullfrog skeleton (D:7)
  An iguana (D:5)
  2 worker ants (D:5)
  A hound skeleton (D:7)
  A hound zombie (D:5)
  A mummy (Ossuary)
  2 worker ant zombies (D:5)
  7 gnolls (D:5)
  7 adders
  2 shadow imps
  An ooze (D:1)
  2 adder skeletons
  4 worms
  2 dart slugs
  6 leopard geckos
  15 orcs
  7 giant cockroaches
  10 goblins
  5 hobgoblins
  12 jackals
  6 quokkas
  9 bats
  4 frilled lizards
  A giant cockroach zombie (D:5)
  6 gnoll skeletons (Ossuary)
  5 kobolds
  4 kobold skeletons (Ossuary)
  15 orc skeletons (Ossuary)
  2 quokka skeletons
  A quokka zombie (D:6)
  7 rats
180 creatures vanquished.

Vanquished Creatures (others)
  A slave (D:8)
1 creature vanquished.

Grand Total: 181 creatures vanquished

Notes
Turn   | Place    | Note
-------+----------+-------------------------------------------
     0 | D:1      | sepiko the Minotaur Berserker began the quest for the Orb.
     0 | D:1      | Reached XP level 1. HP: 19/19 MP: 0/0
    70 | D:1      | Reached skill level 4 in Axes
    70 | D:1      | Reached XP level 2. HP: 27/27 MP: 1/1
   787 | D:2      | Reached XP level 3. HP: 27/33 MP: 2/2
  1099 | D:2      | Reached ** piety under Trog
  1568 | D:2      | Reached skill level 5 in Axes
  1924 | D:3      | Found a burning altar of Makhleb.
  1924 | D:3      | Found a shattered altar of Ashenzari.
  2005 | D:3      | Found a sacrificial altar of Ru.
  2020 | D:3      | Reached XP level 4. HP: 31/41 MP: 3/3
  2379 | D:3      | Found a shattered altar of Ashenzari.
  3003 | D:4      | Found a staircase to the Ecumenical Temple.
  3059 | D:4      | Noticed CynicalElephant's ghost (weakling HOFi)
  3069 | D:4      | Killed CynicalElephant's ghost
  3069 | D:4      | Reached skill level 5 in Fighting
  3069 | D:4      | Reached skill level 6 in Axes
  3069 | D:4      | Reached XP level 5. HP: 48/48 MP: 4/4
  3090 | Temple   | Entered the Ecumenical Temple
  3900 | D:5      | Entered Level 5 of the Dungeon
  3910 | D:5      | Noticed an ice beast
  3925 | D:5      | Killed an ice beast
  3925 | D:5      | Reached skill level 7 in Axes
  3925 | D:5      | Reached XP level 6. HP: 57/57 MP: 5/5
  3935 | D:5      | Noticed Cidec's ghost (novice DsGl)
  3945 | D:5      | Killed Cidec's ghost
  3945 | D:5      | Reached skill level 9 in Axes
  3945 | D:5      | Reached XP level 7. HP: 64/64 MP: 6/6
  4089 | D:5      | Reached *** piety under Trog
  4396 | D:5      | Reached XP level 8. HP: 35/73 MP: 7/7
  5035 | D:6      | Reached skill level 10 in Axes
  5235 | D:6      | Found a bloodstained altar of Trog.
  5670 | D:7      | Reached skill level 11 in Axes
  5820 | D:7      | Found a sand-covered staircase.
  5825 | Ossuary  | Entered an ossuary
  5853 | Ossuary  | Reached **** piety under Trog
  6316 | D:7      | Reached XP level 9. HP: 73/82 MP: 8/8
  6847 | D:8      | Noticed Joseph
  6849 | D:8      | Found Gozag's Platinum Reserve.
  6871 | D:8      | Killed Joseph
  6871 | D:8      | Reached skill level 12 in Axes
  6933 | D:8      | Noticed Pikel
  6952 | D:8      | Killed Pikel
  6956 | D:8      | Reached skill level 13 in Axes
  7098 | D:8      | Found Cutiyrorch's Distillery.
  7101 | D:8      | Noticed Maurice
  7105 | D:8      | Noticed a two-headed ogre
  7108 | D:8      | Killed Maurice
  7108 | D:8      | Reached skill level 10 in Fighting
  7118 | D:8      | Demolished by a two-headed ogre

Skill      XL: |  1  2  3  4  5  6  7  8  9 |
---------------+----------------------------+-----
Axes           | 4 5 6 7 9 11 13 | 13.4
Fighting       | 4 5 6 7 8 10 | 10.2
Armour         | |  2.4
Dodging        | |  2.1

Action                   |  1- 3 |  4- 6 |  7- 9 || total
-------------------------+-------+-------+-------++-------
Melee: Hand axe          |    98 |    24 |       ||   122
       Headbutt          |    10 |    13 |    50 ||    73
       War axe           |       |    63 |   235 ||   298
Invok: Berserk           |       |     2 |     5 ||     7
       Trog's Hand       |       |     2 |     3 ||     5
  Use: Scroll            |     2 |     2 |     7 ||    11
 Stab: Distracted        |       |       |     1 ||     1
  Eat: Chunk             |     3 |     5 |     9 ||    17
       Ration            |       |     1 |     2 ||     3
Armor: Animal skin       |    14 |       |       ||    14
       Ring mail         |    12 |    33 |    44 ||    89
       Scale mail        |       |       |    18 ||    18
Dodge: Dodged            |    72 |    48 |    99 ||   219
Block: Buckler           |       |       |    14 ||    14
